 Dungeon Crawl Stone Soup version 0.26.1-2-gb8aa6d0cf2 (webtiles) character file.

Game seed: 4895121844132423999

216 sankara the Chopper (level 5, 0/46 HPs)
             Began as a Deep Dwarf Fighter on Mar 25, 2021.
             Slain by an ogre
             ... wielding a +0 giant club
              (9 damage)
             ... on level 4 of the Dungeon.
             The game lasted 00:08:18 (2467 turns).

sankara the Chopper (Deep Dwarf Fighter)            Turns: 2467, Time: 00:08:19

Health: 0/46       AC: 13    Str: 18 (20) XL:     5   Next: 61%
Magic:  5/5        EV:  5    Int:  5 (8)  God:
Gold:   120        SH:  9    Dex: 10 (13) Spells: 4/4 levels left

rFire    . . .     SeeInvis .   a - +0 war axe
rCold    . . .     Faith    .   c - +0 kite shield
rNeg     . . .     Spirit   .   z - +0 chain mail
rPois    +         Reflect  .   (no helmet)
rElec    .         Harm     .   l - +2 cloak
rCorr    .         Rampage  .   o - +0 pair of gloves
Will     .....                  (no boots)
Stlth    ..........             (no amulet)
HPRegen  0.00/turn              x - ring of poison resistance
MPRegen  0.09/turn              (no ring)

@: non-regenerating
A: damage resistance, heal wounds, sense surroundings 1, no regeneration
a: Heal Wounds


You were on level 4 of the Dungeon.
You visited 1 branch of the dungeon, and saw 4 of its levels.

You collected 120 gold pieces.

Inventory:

Hand Weapons
 a - a +0 war axe (weapon)
 b - a +0 hunting sling
Missiles
 f - 106 stones
 h - 42 sling bullets
 s - 17 bolts
 t - 6 boomerangs
 y - 12 poisoned darts
Armour
 c - a +0 kite shield (worn)
 l - a +2 cloak (worn)
 m - a +0 scale mail
 o - a +0 pair of gloves (worn)
 p - a cursed +0 robe
 z - a +0 chain mail (worn)
Jewellery
 r - an uncursed ring of ice {unknown}
 x - a ring of poison resistance (left hand)
Scrolls
 i - 4 scrolls of amnesia
 j - 2 scrolls of identify
 k - 2 scrolls of remove curse
 q - a scroll of immolation
Potions
 d - a potion of might
 e - a potion of curing
 g - 2 potions of attraction
 n - a potion of lignification
 u - a potion of berserk rage {unknown}


   Skills:
 - Level 2.6 Fighting
 * Level 4.6 Axes
 + Level 2.2 Slings
 + Level 4.2 Armour
 + Level 4.2 Shields


You had 4 spell levels left.
You didn't know any spells.
Your spell library was empty.

Dungeon Overview and Level Annotations

Branches:
Dungeon (4/15)
 Temple: D:4-7

Altars:
Makhleb
Xom


Innate Abilities, Weirdness & Mutations

You are resistant to damage.
You can heal yourself by infusing magical energy.
You passively map a small area around you.
You do not regenerate.


Message History

You block the jackal's attack. x2
You shoot a stone. The stone hits the jackal.
You kill the jackal!
You shoot a stone. The stone hits the ogre!
The ogre is moderately wounded.
a - a +0 war axe (weapon)
The ogre hits you with a +0 giant club!
A scorpion comes into view.
You are too injured to fight recklessly!
You are too injured to fight recklessly!
You are too injured to fight recklessly!
You are too injured to fight recklessly!
You barely miss the ogre.
The ogre is moderately wounded.
The ogre hits you with a +0 giant club!
* * * LOW HITPOINT WARNING * * *
You hit the ogre.
The ogre is heavily wounded.
The ogre hits you with a +0 giant club!
You die...

* , ##.........#.
............. ,,,
,,...........#* ,, ,
,#####......... . , ,
##...##...... *#.( ,
,##8.<†8##...#* ....
#.......#...###..... ,
, #.>.8....†...(......
,#.......#...@†.....(
, ,
##8.<.8####(.O......
,,,##...##,.....(.##..
, #####........... ,
,, ,....?.........# ,,
, , .......s......# ,
..!............ , , ,
...###......... , *


You could see an ogre and a scorpion.

Vanquished Creatures
  13 adders
  An ooze (D:1)
  2 worms
  A leopard gecko (D:2)
  10 orcs (D:3)
  A ball python (D:2)
  A giant cockroach (D:2)
  9 goblins
  6 hobgoblins
  4 jackals
  6 kobolds
  4 quokkas
  8 bats
  6 frilled lizards
  14 rats
86 creatures vanquished.

Notes
Turn   | Place    | Note
-------+----------+-------------------------------------------
     0 | D:1      | sankara the Deep Dwarf Fighter began the quest for the Orb.
     0 | D:1      | Reached XP level 1. HP: 20/20 MP: 1/1
   251 | D:1      | Reached XP level 2. HP: 25/27 MP: 2/2
   736 | D:2      | Found a shimmering altar of Xom.
   751 | D:2      | Reached XP level 3. HP: 31/33 MP: 3/3
   876 | D:2      | Reached skill level 1 in Slings
   916 | D:2      | Reached XP level 4. HP: 28/40 MP: 4/4
  1412 | D:3      | Reached XP level 5. HP: 32/46 MP: 5/5
  2227 | D:3      | Found a burning altar of Makhleb.
  2459 | D:4      | Noticed an ogre
  2467 | D:4      | Slain by an ogre

Illustrated notes

Levels and vault maps discovered:
D:1:      nzn_arrival_water_spiral, layout_basic
D:2:      layout_basic, nicolae_overflow_crystal_walls
D:3:      layout_loops_corners, general_overflow_altar
D:4:      layout_basic, nemelex_xobeh_ov_fountains_minmay, grunt_ministairs_7,
          uniq_pikel

Skill      XL: |  1  2  3  4  5 |
---------------+----------------+-----
Axes           | 3 4 |  4.6
Slings         | 1 2 |  2.2
Armour         | 4 |  4.2
Shields        | 4 |  4.2
Fighting       | |  2.6

Action                   |  1- 3 |  4- 6 || total
-------------------------+-------+-------++-------
Melee: War axe           |   100 |    84 ||   184
 Fire: Hunting sling     |    37 |   125 ||   162
  Use: Potion            |       |     6 ||     6
       Scroll            |       |     4 ||     4
Armor: Scale mail        |    60 |    29 ||    89
       Chain mail        |       |    19 ||    19
Dodge: Dodged            |    34 |    24 ||    58
Block: Kite shield       |    67 |    49 ||   116
